 Dungeon Crawl Stone Soup version 0.30.0-19-g36f170ea60 (webtiles) character file.

Game seed: 362436999832205892

262 Irreverend the Trooper (level 5, -2/42 HPs)
             Began as a Demonspawn Fighter on May 29, 2023.
             Killed by nerve-wracking pain
             ... invoked by Grinder
              (10 damage)
             ... on level 3 of the Dungeon.
             The game lasted 00:04:49 (3176 turns).

Irreverend the Trooper (Demonspawn Fighter)         Turns: 3176, Time: 00:04:50

Health: -2/42      AC:  8    Str: 18    XL:     5   Next: 97%
Magic:  5/5        EV:  9    Int:  9    God:
Gold:   204        SH:  5    Dex: 13    Spells: 4/4 levels left

rFire   . . .        a - +0 long sword
rCold   . . .        c - +0 buckler
rNeg    . . .        b - +0 scale mail
rPois   .            t - +0 hat
rElec   .            (no cloak)
rCorr   .            i - +0 pair of gloves
SInv    .            (no boots)
Will    .....        (no amulet) Stlth
                     (no ring)
HPRegen 0.27/turn    (no ring)
MPRegen 0.09/turn

%: no passive effects
@: mighty
A: antennae 1, spiny 1
a: no special abilities


You were on level 3 of the Dungeon.
You visited 1 branch of the dungeon, and saw 3 of its levels.
You also visited: Sewer.

You collected 204 gold pieces.

Inventory:

Hand Weapons
 a - a +0 long sword (weapon)
Armour
 b - a +0 scale mail (worn)
 c - a +0 buckler (worn)
 i - a +0 pair of gloves (worn)
 t - a +0 hat (worn)
Wands
 n - a wand of flame (4)
Scrolls
 f - 5 scrolls of identify {unknown}
 h - a scroll of noise {unknown}
 l - a scroll of amnesia {unknown}
 o - a scroll of teleportation {unknown}
 p - a scroll of poison {unknown}
 q - a scroll of fear {unknown}
 r - a scroll of enchant weapon {unknown}
Potions
 e - 3 potions of cancellation {unknown}
 g - 7 potions of flight
 j - 3 potions of ambrosia {unknown}
 k - 3 potions of lignification {unknown}
 m - 2 potions of heal wounds {unknown}
 s - a potion of mutation
 u - a potion of attraction {unknown}


   Skills:
 + Level 4.0 Fighting
 * Level 3.9 Long Blades
 + Level 3.6 Armour
 + Level 3.6 Shields


You had 4 spell levels left.
You didn't know any spells.
Your spell library contained the following spells:

 Spells                   Type           Power      Damage    Failure   Level
 Magic Dart               Conj           0%         1d3       85%         1
 Slow                     Hex            0%         N/A       85%         1
 Call Imp                 Summ           0%         N/A       94%         2
 Confusing Touch          Hex            0%         N/A       99%         3
 Mephitic Cloud           Conj/Pois/Air  0%         N/A       99%         3
 Ozocubu's Armour         Ice            0%         N/A       99%         3
 Vampiric Draining        Necr           0%         2d6       99%         3
 Vhi's Electric Charge    Tloc/Air       0%         N/A       99%         3
 Arcjolt                  Conj/Air       0%         1d10      100%        5
 Plasma Beam              Fire/Air       0%         2x1d11    100%        6
 Ozocubu's Refrigeration  Ice            0%         4d7       100%        7


Dungeon Overview and Level Annotations

Branches:
Dungeon (3/15)              Sewer (visited)

Altars:

Annotations:
D:3 Grinder


Innate Abilities, Weirdness & Mutations

You have a pair of small antennae on your head.
You are partially covered in sharp spines.


Message History

You hit the goblin.
You kill the goblin!
Your Fighting skill increases to level 4!
No target in view!
No target in view!
No target in view!
No target in view!
Found a stone staircase leading up.
You now have 204 gold pieces (gained 13).
u - a yellow potion Grinder comes into view.
Found a dagger.
Grinder shouts!
You hear a shout!
Grinder gestures at you. Pain shoots through your body!
Sorry, you're not good enough to have a special ability.
You feel very mighty all of a sudden.
A hobgoblin comes into view. It is wielding a +0 flail.
Grinder gestures at you.
You suddenly lose the ability to move!
Grinder is struck by your spines. Grinder hits you but does no damage.
Grinder hits you.
You writhe in agony.
Grinder is struck by your spines. Grinder hits you!
You writhe in agony.
You can move again.
You are too injured to fight recklessly!
You are too injured to fight recklessly!
You are too injured to fight recklessly!
You are too injured to fight recklessly!
You slash Grinder!
Grinder is heavily wounded.
Grinder blinks!
The hobgoblin is struck by your spines. The hobgoblin barely misses you.
Grinder hits you. The hobgoblin attacks as you move away!
The hobgoblin hits you with a +0 flail!
* * * LOW HITPOINT WARNING * * *
You slash the hobgoblin!
You kill the hobgoblin!
Grinder gestures at you. Pain shoots through your body!
You die...

#~#.########.#####.....#
###.##.......######....#
###.#..######....###...#
#.....# ###....# #..<#
..#..######......###...#
^###.#......#.....##...#
.......######.......####
................###.##
#####......####.@)5..#
######..# ####.......
##.#######...###
#######.........#.#
#####..........#### # #
.#....########.....
...#### ####. ...#####
.#<....### #######


You could see Grinder.

Vanquished Creatures
  Ijyb (D:3)
  Terence (D:3)
  Robin (D:2)
  4 adders
  5 river rats (Sewer)
  4 worms
  A dart slug (D:1)
  An orc (D:3)
  8 endoplasms
  8 giant cockroaches
  18 goblins
  5 hobgoblins
  7 quokkas
  14 ball pythons
  6 bats
  4 frilled lizards
  6 kobolds
  9 rats
103 creatures vanquished.

Notes
Turn   | Place    | Note
-------+----------+-------------------------------------------
     0 | D:1      | Irreverend the Demonspawn Fighter began the quest for the
                  | Orb.
     0 | D:1      | Reached XP level 1. HP: 18/18 MP: 1/1
   230 | D:1      | Gained mutation: You are partially covered in sharp spines.
                  | [demonic ancestry]
   230 | D:1      | Reached XP level 2. HP: 24/24 MP: 2/2
   717 | D:1      | Gained mutation: You have a pair of small antennae on your
                  | head. [demonic ancestry]
   717 | D:1      | Reached XP level 3. HP: 29/29 MP: 3/3
  1232 | D:2      | Noticed Robin
  1242 | D:2      | Killed Robin
  1259 | D:2      | Reached XP level 4. HP: 18/35 MP: 4/4
  1668 | D:2      | Found a faded altar of an unknown god.
  2038 | D:3      | Noticed Ijyb
  2047 | D:3      | Killed Ijyb
  2062 | D:3      | Noticed Terence
  2072 | D:3      | Killed Terence
  2174 | D:3      | Reached XP level 5. HP: 41/41 MP: 5/5
  2186 | D:3      | Found a glowing drain.
  2192 | D:3      | Identified the -1 pair of gloves of Coetiyze {rElec rCorr
                  | MP+9 Int-5}
  2204 | Sewer    | Entered a sewer
  3140 | D:3      | Reached skill level 4 in Fighting
  3167 | D:3      | Noticed Grinder
  3169 | D:3      | Paralysed by Grinder for 4 turns
  3176 | D:3      | Killed from afar by Grinder

Illustrated notes

Levels and vault maps discovered:
D:1:      lemuel_arrival_hallway, layout_loops_corners, st_stairs_14,
          minmay_misc_feat_hallway, chequers_serial_rivers_room_a,
          minmay_domino_4
D:2:      layout_loops_ring, shapermc_ecumenical_altar_flowoftime, uniq_robin
D:3:      layout_rooms, portal_sewer_entry_d, uniq_grinder, uniq_terence,
          uniq_ijyb

Skill      XL: |  1  2  3  4  5 |
---------------+----------------+-----
Long Blades    | 2 3 |  3.9
Armour         | 3 |  3.6
Shields        | 3 |  3.6
Fighting       | 4 |  4.0

Action                     |  1- 3 |  4- 6 || total
---------------------------+-------+-------++-------
  Melee: Long sword        |   104 |   141 ||   245
    Use: Potion            |       |     1 ||     1
 Armour: Scale mail        |    46 |    41 ||    87
  Dodge: Dodged            |    40 |    64 ||   104
  Block: Buckler           |    24 |    41 ||    65
